 Dungeon Crawl Stone Soup version 0.28-a0-750-g7c675f85b1 (webtiles) character file.

Game seed: 9158378919064358680

682 ytrimaz the Cutter (level 7, -4/54 HPs)
             Began as a Demonspawn Fighter on Oct 30, 2021.
             Was an Initiate of Qazlal.
             Killed from afar by a white imp (5 damage)
             ... with a puff of frost
             ... summoned by Eustachio
             ... on level 5 of the Dungeon.
             The game lasted 00:05:02 (4957 turns).

ytrimaz the Cutter (Demonspawn Fighter)             Turns: 4957, Time: 00:05:03

Health: -4/54      AC: 10    Str: 21      XL:     7   Next: 34%
Magic:  7/7        EV:  9    Int:  9      God:    Qazlal [......]
Gold:   154        SH:  4    Dex: 10 (12) Spells: 6/6 levels left

rFire   + + .      SeeInvis .   a - +1 rapier (freeze)
rCold   + . .      Faith    .   c - +0 buckler
rNeg    . . .      Spirit   .   b - +0 scale mail
rPois   +          Reflect  .   j - +0 helmet
rElec   +          Harm     .   (no cloak)
rCorr   +          Rampage  .   (no gloves)
Will    .....                   (no boots)
Stlth   ..........              (no amulet)
HPRegen 0.18/turn               (no ring)
MPRegen 0.10/turn               (no ring)

@: mighty, resistant, flying
A: slimy green scales 1, spiny 1, fire resistance 1, strong 1
a: Renounce Religion


You were on level 5 of the Dungeon.
You worshipped Qazlal.
Qazlal was noncommittal.
You visited 1 branch of the dungeon, and saw 5 of its levels.

You collected 154 gold pieces.

Inventory:

Hand Weapons
 a - a +1 rapier of freezing (weapon)
Armour
 b - a +0 scale mail (worn)
 c - a +0 buckler (worn)
 j - a +0 helmet (worn)
Potions
 d - 2 potions of might
 e - a potion of brilliance
 f - a potion of cancellation


   Skills:
 + Level 4.2 Fighting
 + Level 4.9 Short Blades
 + Level 4.9 Armour
 - Level 4.0 Shields


You had 6 spell levels left.
You didn't know any spells.
Your spell library contained the following spells:

 Spells                   Type           Power      Damage    Failure   Level
 Animate Skeleton         Necr           0%         N/A       71%         1
 Apportation              Tloc           0%         N/A       71%         1
 Summon Small Mammal      Summ           0%         N/A       71%         1
 Static Discharge         Conj/Air       0%         N/A       85%         2
 Dispel Undead            Necr           0%         3d6       100%        4
 Sticky Flame             Conj/Fire      0%         2d3       100%        4
 Alistair's Intoxication  Tmut/Pois      0%         N/A       100%        5
 Invisibility             Hex            0%         N/A       100%        6


Dungeon Overview and Level Annotations

Branches:
Dungeon (5/15)
 Temple: D:4-7

Altars:
Elyvilon
Hepliaklqana
Qazlal
Trog
Wu Jian

Annotations:
D:5 Eustachio


Innate Abilities, Weirdness & Mutations

You are partially covered in slimy green scales. (AC +2)
You are partially covered in sharp spines.
Your flesh is heat resistant. (rF+)
Your muscles are strong. (Str +2)


Message History

The quasit bites you but does no damage.
The quasit claws you.
* * * LOW HITPOINT WARNING * * *
You block the quasit's attack.
Unknown command.
It was a potion of flight.
You feel very buoyant.
You fly up into the air.
The quasit bites you but does no damage.
The quasit claws you.
* * * LOW HITPOINT WARNING * * *
You feel clumsy. The quasit claws you.
* * * LOW HITPOINT WARNING * * *
You feel clumsy. The white imp gestures at you. The puff of frost hits you.
* * * LOW HITPOINT WARNING * * *
The white imp hits you but does no damage.
The quasit is struck by your spines. The quasit closely misses you.
The quasit claws you but does no damage. x2
It was a potion of resistance.
You feel protected.
The white imp hits you but does no damage.
The white imp completely misses you. The quasit is struck by your spines.
The quasit bites you but does no damage.
The quasit claws you but does no damage.
The quasit barely misses you.
It was a potion of mutation.
You feel extremely strange.
You feel stronger.
You feel resistant to heat. You block the quasit's attack.
The quasit barely misses you.
The quasit claws you but does no damage.
The white imp completely misses you. The white imp closely misses you.
Unknown command.
You block the quasit's attack.
The quasit claws you but does no damage.
The quasit barely misses you. The white imp gestures at you.
The puff of frost hits you. You resist.
You die...

##.##...# ..........##.....
##......##...... ...#......
.###.....#..... #.........
..##.......... #.........
.##........# #..r@.....
.###......## ###........#
......#....#####.#r.)......
....####.....#.#.555....$..
.....##...#.....@.##.......
..........#...##### ..#.###
?#...#.......## ...##
.#..###......# #+##
##..#.......## #..........#
......... ........


You could see Eustachio, a quasit (summoned), a river rat (summoned), 2 white
imps and a rat (summoned).

Vanquished Creatures
  A sky beast (D:5)
  Blork the orc (D:5)
  A water moccasin skeleton (D:4)
  A vampire bat (D:3)
  A bullfrog zombie (D:5)
  A centaur skeleton (D:5)
  Crazy Yiuf (D:2)
  Jessica (D:2)
  3 orc wizards
  Robin (D:2)
  A gnoll (D:1)
  3 adders
  An adder skeleton (D:4)
  2 worms (D:2)
  3 dart slugs
  3 fire bats (D:3)
  11 orcs
  2 spectral bats (D:3)
  3 bat skeletons (D:3)
  A bat zombie (D:3)
  8 endoplasms
  2 giant cockroaches
  18 goblins
  6 hobgoblins
  5 quokkas
  6 ball pythons
  10 bats
  A bat simulacrum (D:3)
  3 frilled lizards
  8 kobolds
  3 rats
112 creatures vanquished.

Vanquished Creatures (others)
  30 fungi
  A plant (D:2)
31 creatures vanquished.

Grand Total: 143 creatures vanquished

Notes
Turn   | Place    | Note
-------+----------+-------------------------------------------
     0 | D:1      | ytrimaz the Demonspawn Fighter began the quest for the Orb.
     0 | D:1      | Reached XP level 1. HP: 18/18 MP: 1/1
   243 | D:1      | Gained mutation: You are partially covered in sharp spines.
                  | [demonic ancestry]
   243 | D:1      | Reached XP level 2. HP: 14/24 MP: 2/2
   772 | D:1      | Reached XP level 3. HP: 26/29 MP: 3/3
  1445 | D:2      | Noticed Jessica
  1450 | D:2      | Killed Jessica
  1519 | D:2      | Reached XP level 4. HP: 35/35 MP: 4/4
  1528 | D:2      | Noticed Robin
  1552 | D:2      | Killed Robin
  1566 | D:2      | Found a hazy altar of Hepliaklqana.
  1629 | D:2      | Found a runed translucent door.
  1630 | D:2      | Noticed Crazy Yiuf
  1698 | D:2      | Found a faded altar of an unknown god.
  2175 | D:2      | Killed Crazy Yiuf
  2176 | D:2      | Reached XP level 5. HP: 4/41 MP: 5/5
  2852 | D:3      | Found a bloodstained altar of Trog.
  3110 | D:3      | Gained mutation: You are partially covered in slimy green
                  | scales. (AC +2) [demonic ancestry]
  3110 | D:3      | Reached XP level 6. HP: 31/47 MP: 6/6
  3349 | D:3      | Found a stormy altar of Qazlal.
  3363 | D:3      | Found an ornate altar of the Wu Jian Council.
  3374 | D:3      | Became a worshipper of Qazlal Stormbringer
  4792 | D:5      | Entered Level 5 of the Dungeon
  4821 | D:5      | Noticed a sky beast
  4828 | D:5      | Killed a sky beast
  4829 | D:5      | Reached XP level 7. HP: 43/54 MP: 7/7
  4928 | D:5      | Noticed Eustachio
  4928 | D:5      | Noticed Blork the orc
  4947 | D:5      | HP: 1/54 [Blork the orc (3)]
  4951 | D:5      | Killed Blork the orc
  4953 | D:5      | HP: 2/54 [quasit[Eustachio] (2)]
  4955 | D:5      | Gained mutation: Your muscles are strong. (Str +2) [potion
                  | of mutation]
  4955 | D:5      | Gained mutation: Your flesh is heat resistant. (rF+)
                  | [potion of mutation]
  4957 | D:5      | Killed from afar by a white imp

Illustrated notes

Levels and vault maps discovered:
D:1:      scummos_arrival_forest, layout_basic
D:2:      layout_basic, shapermc_ecumenical_altar_acropolis, basic_altar,
          uniq_jessica, uniq_robin, uniq_crazy_yiuf_cottage
D:3:      layout_loops_cross, overflow_temple_1_default,
          mainiacjoe_overflow_catch_the_wave, goddamned_bats
D:4:      minmay_wonky_spiral, layout_loops_ring, elyvilon_altar_4,
          dk_rats_in_the_wall
D:5:      minmay_octagon_keep, layout_cave_pools, lemuel_doored_altar,
          minmay_shop_grid_forest, nicolae_stop_n_shop_2, uniq_ijyb,
          uniq_eustachio, uniq_blork_the_orc

Skill      XL: |  1  2  3  4  5  6 |
---------------+-------------------+-----
Shields        | 3 4 |  4.0
Short Blades   | 2 3 4 |  4.9
Armour         | 3 4 |  4.9
Fighting       | 4 |  4.2

Action                   |  1- 3 |  4- 6 |  7- 9 || total
-------------------------+-------+-------+-------++-------
Melee: Rapier            |    58 |   141 |    18 ||   217
  Use: Scroll            |     3 |     7 |       ||    10
       Potion            |       |       |     6 ||     6
Armor: Scale mail        |    47 |    71 |    29 ||   147
Dodge: Dodged            |    42 |    70 |    33 ||   145
Block: Buckler           |    23 |    34 |    12 ||    69

Table legend: (Time is in decaauts)
 A = Elapsed time spent in this place.
 B = Non-inter-level travel time spent in this place.
 C = Inter-level travel time spent in this place.
 D = Time resting spent in this place.
 E = Time spent auto-exploring this place.
 F = Levels seen in this place.
 G = Mean time per level.
                   A        B        C        D        E       F      G
               +--------+--------+--------+--------+--------+-----+--------+
         Total |   4969 |   4846 |    123 |    860 |   3228 |   5 |  993.8 |
       Dungeon |   4969 |   4846 |    123 |    860 |   3228 |   5 |  993.8 |
               +--------+--------+--------+--------+--------+-----+--------+

Top non-repeatable levels by time:
     D:2: 1689 daAuts
     D:1: 1144 daAuts
     D:4: 1120 daAuts
     D:3: 851 daAuts
     D:5: 163 daAuts
